 Dungeon Crawl Stone Soup version 0.30-a0-553-g7fabdf1491 (webtiles) character file.

Game seed: 3267674518806481376

61894 freelancePsychic the Destroyer (level 14, -4/129 HPs)
             Began as an Armataur Venom Mage on Dec 26, 2022.
             Was a High Priest of Vehumet.
             Slain by an orc knight
             ... wielding a +3 war axe
              (29 damage)
             ... on level 2 of the Orcish Mines.
             The game lasted 00:57:58 (27074 turns).

freelancePsychic the Destroyer (AtVM)              Turns: 27074, Time: 00:57:59

Health: -4/129     AC: 22    Str: 13      XL:     14   Next: 62%
Magic:  20/29      EV:  7    Int: 21      God:    Vehumet [*****.]
Gold:   1116       SH:  0    Dex: 10 (11) Spells: 0/21 levels left

rFire   . . .      SeeInvis .    a - +7 rapier of Deformation {flame, rC+}
rCold   + + +      Faith    .    (no shield)
rNeg    . . .      Spirit   .    B - +4 steam dragon scales
rPois   +          Reflect  .    j - +0 helmet
rElec   +          Harm     .    (no cloak)
rCorr   .          Roll     +    f - +0 pair of gloves
Will    +....                    E - +2 barding "Uguim" {rPois rC++ Str-2 Int+2}
Stlth   ++++                     G - amulet of regeneration
HPRegen 1.21/turn                u - ring of magical power
MPRegen 0.21/turn                y - ring of protection from cold

@: attractive, very slightly contaminated
A: large, rugged brown scales 3, deformed body, armoured tail, roll, long
tongue, awkward tongue, deterioration 1, electricity resistance, wild magic 1
a: Renounce Religion


You were on level 2 of the Orcish Mines.
You worshipped Vehumet.
Vehumet was extremely pleased with you.
You visited 4 branches of the dungeon, and saw 21 of its levels.
You also visited: Sewer.

You collected 1248 gold pieces.
You spent 132 gold pieces at shops.

Inventory:

Hand Weapons
 a - the +7 rapier of Deformation (weapon) {flame, rC+}
   (You found it on level 9 of the Dungeon)

   It burns those it strikes, dealing additional fire damage.
   rC:        It protects you from cold.
Missiles
 r - a throwing net
Armour
 f - a +0 pair of gloves (worn)
 j - a +0 helmet (worn)
 s - a +1 robe of fire resistance
 A - +0 steam dragon scales
 B - +4 steam dragon scales (worn)
 E - the +2 barding "Uguim" (worn) {rPois rC++ Str-2 Int+2}
   (You acquired it on level 10 of the Dungeon)

   Str:       It affects your strength (-2).
   Int:       It affects your intelligence (+2).
   rC:        It greatly protects you from cold.
   rPois:     It protects you from poison.
 M - a +0 buckler
 P - a +0 tower shield
Magical Staves
 b - a staff of fire
Jewellery
 u - a ring of magical power (left hand)
 v - an amulet of faith
 y - a ring of protection from cold (right hand)
 G - an amulet of regeneration (around neck)
 L - a ring of willpower
 N - a ring of poison resistance
 S - a ring of ice
Wands
 o - a wand of flame (46)
 t - a wand of iceblast (7)
 w - a wand of charming (17)
 z - a wand of digging (2)
 R - a wand of mindburst (3)
 T - a wand of acid (5)
Scrolls
 d - 2 scrolls of poison
 g - 3 scrolls of silence
 h - 4 scrolls of vulnerability
 i - 3 scrolls of magic mapping
 l - 6 scrolls of teleportation {@r4}
 p - 5 scrolls of noise
 C - a scroll of enchant weapon
 D - 2 scrolls of amnesia
 F - a scroll of torment
 H - 2 scrolls of fear
 J - 4 scrolls of immolation
 O - 7 scrolls of identify {@r1}
 V - a scroll of fog
 W - a scroll of summoning
Potions
 c - 5 potions of attraction
 e - 5 potions of flight
 k - 7 potions of brilliance
 m - 11 potions of curing {@q1}
 n - a potion of cancellation
 q - a potion of haste {@q3}
 x - 3 potions of resistance
 I - 2 potions of mutation
 K - a potion of heal wounds {@q2}
 Q - a potion of berserk rage
 U - a potion of might


   Skills:
 + Level 10.2 Fighting
 - Level 4.0 Short Blades
 - Level 10.1 Armour
 - Level 1.3 Dodging
 - Level 10.0 Stealth
 - Level 4.0 Spellcasting
 + Level 12.2 Conjurations
 - Level 0.8 Transmutations
 - Level 6.9 Air Magic
 + Level 10.1 Earth Magic
 - Level 7.0 Poison Magic


You couldn't memorise any spells.
You knew the following spells:

 Your Spells              Type           Power      Damage    Failure   Level
a - Stone Arrow           Conj/Erth      100%       3d13      1%          3
b - Iron Shot             Conj/Erth      30%        9d6       7%          6
c - Mephitic Cloud        Conj/Pois/Air  52%        N/A       1%          3
d - Olgreb's Toxic Radia  Pois           43%        N/A       3%          4
e - Arcjolt               Conj/Air       27%        1d37      2%          5

Your spell library contained the following spells:

 Spells                   Type           Power      Damage    Failure   Level
 Orb of Destruction       Conj           32%        9d10      21%         7
 Sandblast                Erth           100%       2d20      1%          1
 Shock                    Conj/Air       100%       1d9       1%          1
 Poisonous Vapours        Pois/Air       86%        N/A       1%          2
 Static Discharge         Conj/Air       100%       2-7/arc   1%          2
 Hailstorm                Conj/Ice       38%        3d9       1%          3
 Iskenderun's Battlesphe  Conj           64%        2d11      1%          5
 Lee's Rapid Deconstruct  Erth           28%        3d15*     2%          5
 Lightning Bolt           Conj/Air       27%        1d44      2%          5
 Swiftness                Air            43%        N/A       3%          3
 Airstrike                Air            21%        2d(4-20)  3%          4
 Freeze                   Ice            20%        1d4       4%          1
 Sting                    Tmut/Pois      100%       1d8       4%          1
 Cigotuvi's Dreadful Rot  Necr/Pois/Air  60%        N/A       4%          2
 Fulminant Prism          Conj/Hex       19%        3d10      4%          4
 Iskenderun's Mystic Bla  Conj/Tloc      38%        2d9       4%          4
 Kindle Blastsparks       Fire/Tloc/Air  36%        2d13      5%          3
 Spider Form              Tmut/Pois      26%        N/A       11%         3
 Beastly Appendage        Tmut           20%        N/A       13%         1
 Frozen Ramparts          Ice            10%        1d2       13%         3
 Vhi's Electric Charge    Tloc/Air       48%        N/A       13%         3
 Apportation              Tloc           10%        N/A       17%         1
 Necrotise                Necr           20%        1d5       17%         1
 Summon Small Mammal      Summ           20%        N/A       17%         1
 Petrify                  Tmut/Erth      35%        N/A       17%         4
 Wereblood                Tmut           10%        N/A       19%         2
 Animate Armour           Summ/Erth      66%        N/A       21%         4
 Gell's Gravitas          Tloc           5%         N/A       43%         3
 Lesser Beckoning         Tloc           10%        N/A       43%         3
 Ozocubu's Armour         Ice            5%         N/A       43%         3
 Teleport Other           Tloc           5%         N/A       43%         3
 Eringya's Noxious Bog    Tmut/Pois      13%        N/A       69%         6
 Dispel Undead            Necr           5%         3d7       82%         4
 Summon Ice Beast         Ice/Summ       5%         N/A       82%         4
 Spellforged Servitor     Conj/Summ      19%        N/A       90%         7
 Statue Form              Tmut/Erth      23%        N/A       92%         6
 Blade Hands              Tmut           5%         N/A       96%         5
 Metabolic Englaciation   Hex/Ice        2%         N/A       98%         5
 Summon Forest            Summ/Tloc      2%         N/A       98%         5
 Summon Mana Viper        Hex/Summ       5%         N/A       98%         5
 Death Channel            Necr           2%         N/A       100%        6
 Simulacrum               Ice/Necr       2%         N/A       100%        6
 Monstrous Menagerie      Summ           2%         N/A       100%        7
 Summon Hydra             Summ           2%         N/A       100%        7


Dungeon Overview and Level Annotations

Branches:
Dungeon (13/15)            Temple (1/1) D:4            Lair (5/5) D:11
  Swamp (0/4) Lair:3       Spider (0/4) Lair:3        Slime (0/5) Lair:4
    Orc (2/2) D:12         Vaults (0/5) D:13          Sewer (visited)
    Elf: Orc:2

Altars:
Ashenzari
Cheibriados
Dithmenos
Elyvilon
Fedhas
Gozag
Hepliaklqana
Kikubaaqudgha
Makhleb
Nemelex Xobeh
Okawaru
Qazlal
Ru
Sif Muna
Trog
Uskayaw
Vehumet
Wu Jian
Xom
Yredelemnul
Zin
The Shining One
Jiyva

Shops:
D:4 ![   D:5 *

Annotations:
D:10 exclusions: gargoyle and 3 water elementals
Lair:5 exclusion: oklob plant


Innate Abilities, Weirdness & Mutations

You are completely covered in rugged brown scales. (AC +3, +7% HP)
Armour fits poorly on your strangely shaped body.
You have a long armoured tail.
You roll when moving toward enemies. (Rampage)
Your long tongue fully drains potion bottles. (2x potion effects)
Your tongue gives you trouble enunciating. (1.5x scroll delay)
Your body sometimes deteriorates upon taking damage.
You are resistant to electric shocks. (rElec)
Your spells are a little harder to cast, but a little more powerful.


Message History

Casting: Arcjolt (dangerous; 2% risk of failure)
Confirm with . or Enter, or press ? or * to list all spells.
Electricity surges outward!
The orc knight is severely wounded.
You kill the orc high priest!
Vehumet accepts your kill.
The ice devil disappears in a puff of smoke!
The rust devil disappears in a puff of smoke!
The orc knight is moderately wounded.
The orc knight is heavily wounded.
You kill the orc priest!
Vehumet accepts your kill.
You feel your power returning.
The orc sorcerer is severely wounded.
The orc knight hits you with a +0 war axe!!
The orc knight hits you but does no damage.
The orc sorcerer is attracted toward you.
The orc high priest is attracted toward you.
Casting: Arcjolt (dangerous; 2% risk of failure)
Confirm with . or Enter, or press ? or * to list all spells.
Electricity surges outward!
The orc knight is severely wounded.
You kill the orc knight!
Vehumet accepts your kill.
Vehumet offers you knowledge of Orb of Destruction.
You feel your power returning.
You kill the orc sorcerer!
Vehumet accepts your kill.
You feel your power returning.
The orc knight is severely wounded.
You kill the orc high priest!
Vehumet accepts your kill.
You feel your power returning.
You hear a shout!
The orc knight unwields a +0 arbalest.
The orc knight wields a +0 glaive.
The orc knight hits you with a +0 glaive!!
* * * LOW HITPOINT WARNING * * *
Your body deteriorates!
You feel clumsy.
The orc knight hits you with a +3 war axe!!
You die...

##### ###...##
##......##
#)o@o)...##
#..)))##....####
#..§§####...##.##
#...)§ #....#.$##
## #÷.÷÷.4
##...)...# ##.
#.....4 #....)..#
.. #....§.
#....))#####.
#.....§
#...))).##.#.
#....)))))...


You could see 2 orc knights.

Vanquished Creatures
  Gastronok (D:8)
  4 vault guards (D:13)
  2 hydras
  Josephine (Lair:5)
  An ogre mage (D:11)
  Erica (D:9)
  2 centaur warriors
  4 boulder beetles
  2 orc high priests (Orc:2)
  7 two-headed ogres
  7 death yaks
  Urug (Lair:4)
  Sonja (Lair:5)
  An orb spider (Lair:3)
  3 bog bodies (Lair:3)
  A deep elf pyromancer (D:12)
  An ugly thing (D:13)
  Pikel (D:6)
  A harpy (shapeshifter) (D:13)
  2 orc knights (Orc:2)
  3 orc sorcerers (Orc:2)
  3 manticores
  A cyclops (D:13)
  3 elephants (Lair:2)
  6 black mambas
  Joseph (D:8)
  7 cane toads
  Maggie (D:8)
  An unseen horror (D:12)
  2 torpor snails (Lair:5)
  A gargoyle (D:12)
  An efreet (D:11)
  6 kobold demonologists
  8 komodo dragons
  3 meliai (D:10)
  6 trolls
  2 polar bears (Lair:4)
  9 slime creatures
  18 blink frogs
  A small abomination (Lair:5)
  8 wraiths
  30 yaks
  6 shadows
  A human (shapeshifter) (D:13)
  4 basilisks
  3 wyverns
  Grum (D:8)
  Menkaure (D:6)
  2 steam dragons
  3 vampire mosquitoes
  2 swamp worms (Lair:3)
  7 water moccasins
  13 orc warriors
  A swamp drake (shapeshifter) (D:13)
  3 ice beasts
  2 black bears
  4 ogres
  8 centaurs
  A lemure (D:6)
  22 wolves
  A phantom (D:5)
  14 bullfrogs
  2 kobold brigands (D:8)
  3 gnoll sergeants
  A scorpion (D:5)
  2 necrophages
  8 killer bees
  2 howler monkeys
  An electric eel (Lair:3)
  20 orc priests
  4 hounds
  3 jellies
  21 orc wizards
  3 iguanas
  A merfolk avatar (Sewer)
  A merfolk siren (Sewer)
  Terence (D:3)
  17 gnolls
  12 adders
  5 river rats (Sewer)
  2 white imps (D:6)
  An ufetubus (D:6)
  3 worms
  3 dart slugs
  62 orcs
  6 bats
  5 endoplasms
  8 giant cockroaches
  12 goblins
  7 hobgoblins
  2 jackals (D:1)
  16 kobolds
  5 quokkas
  6 ball pythons
  7 frilled lizards
  28 rats
544 creatures vanquished.

Vanquished Creatures (collateral kills)
  Sigmund (D:6)
1 creature vanquished.

Vanquished Creatures (others)
  A lemure (D:6)
  A bush (Lair:4)
  22 fungi
  34 plants
58 creatures vanquished.

Grand Total: 603 creatures vanquished

Notes
Turn   | Place    | Note
-------+----------+-------------------------------------------
     0 | D:1      | freelancePsychic the Armataur Venom Mage began the quest
                  | for the Orb.
     0 | D:1      | Reached XP level 1. HP: 14/14 MP: 3/3
   303 | D:1      | Reached XP level 2. HP: 21/21 MP: 2/4
   313 | D:1      | Learned a level 2 spell: Poisonous Vapours
  1394 | D:2      | Reached XP level 3. HP: 26/27 MP: 1/6
  1588 | D:2      | Found a faded altar of an unknown god.
  1632 | D:2      | Reached skill level 1 in Air Magic
  1946 | D:2      | Reached XP level 4. HP: 35/35 MP: 0/7
  2351 | D:2      | Learned a level 3 spell: Mephitic Cloud
  2946 | D:3      | Found an ancient bone altar of Kikubaaqudgha.
  3365 | D:3      | Noticed Terence
  3381 | D:3      | Killed Terence
  3528 | D:3      | Reached XP level 5. HP: 7/40 MP: 3/8
  4145 | D:4      | Found Zalaplul's Distillery.
  4157 | D:4      | Bought a potion of berserk rage for 60 gold pieces
  4157 | D:4      | Bought a potion of heal wounds for 60 gold pieces
  4157 | D:4      | Bought a potion of degeneration for 12 gold pieces
  4190 | D:4      | Found a glowing drain.
  4204 | Sewer    | Entered a sewer
  4557 | Sewer    | Reached skill level 1 in Fighting
  4760 | Sewer    | Reached XP level 6. HP: 50/50 MP: 1/9
  4884 | Sewer    | Reached skill level 1 in Conjurations
  5517 | D:4      | Found Pijikh's Antique Armour Shop.
  5537 | D:4      | Found a staircase to the Ecumenical Temple.
  5608 | Temple   | Entered the Ecumenical Temple
  5652 | Temple   | Became a worshipper of Vehumet
  6147 | D:5      | Entered Level 5 of the Dungeon
  6373 | D:5      | Reached skill level 2 in Conjurations
  6373 | D:5      | Reached XP level 7. HP: 42/58 MP: 5/11
  6461 | D:5      | Learned a level 4 spell: Olgreb's Toxic Radiance
  6481 | D:5      | Found Disaco's General Store.
  6934 | D:5      | Reached skill level 5 in Poison Magic
  7039 | D:5      | Reached * piety under Vehumet
  7039 | D:5      | Offered knowledge of Sandblast by Vehumet.
  7694 | D:5      | Found a white marble altar of Elyvilon.
  7770 | D:5      | Reached XP level 8. HP: 62/68 MP: 3/12
  7914 | D:5      | Found a sacrificial altar of Ru.
  8887 | D:6      | Noticed Menkaure
  8900 | D:6      | Learned a level 1 spell: Sandblast
  9046 | D:6      | Killed Menkaure
  9047 | D:6      | Reached skill level 1 in Earth Magic
  9250 | D:6      | Noticed Sigmund
  9536 | D:6      | Reached skill level 5 in Fighting
  9774 | D:6      | Noticed Pikel
  9792 | D:6      | Killed Pikel
  9793 | D:6      | Reached skill level 3 in Conjurations
  9793 | D:6      | Reached XP level 9. HP: 31/79 MP: 3/13
 10004 | D:6      | Killed Sigmund
 10144 | D:6      | Reached skill level 4 in Conjurations
 10292 | D:6      | Offered knowledge of Momentum Strike by Vehumet.
 10612 | D:7      | Reached ** piety under Vehumet
 11464 | D:7      | Found a bloodstained altar of Trog.
 11489 | D:8      | Noticed Grum
 11503 | D:8      | Killed Grum
 11504 | D:8      | Reached skill level 5 in Conjurations
 12301 | D:8      | Reached skill level 5 in Stealth
 12301 | D:8      | Reached XP level 10. HP: 75/89 MP: 13/14
 12362 | D:8      | Found an ornate altar of the Wu Jian Council.
 12374 | D:8      | Noticed Joseph
 12393 | D:8      | Noticed Gastronok
 12416 | D:8      | Gained mutation: You are resistant to electric shocks.
                  | (rElec) [potion of mutation]
 12416 | D:8      | Gained mutation: Your body sometimes deteriorates upon
                  | taking damage. [potion of mutation]
 12416 | D:8      | Gained mutation: Your spells are a little harder to cast,
                  | but a little more powerful. [potion of mutation]
 12432 | D:8      | Reached skill level 1 in Short Blades
 12441 | D:8      | Killed Gastronok
 12441 | D:8      | Offered knowledge of Stone Arrow by Vehumet.
 12447 | D:8      | Learned a level 3 spell: Stone Arrow
 12691 | D:8      | Noticed Maggie
 12782 | D:8      | Killed Joseph
 12859 | D:8      | Reached *** piety under Vehumet
 13292 | D:8      | Killed Maggie
 13347 | D:9      | Found a large runed translucent door.
 13348 | D:9      | Found a large runed translucent door.
 13700 | D:9      | Noticed a two-headed ogre
 13704 | D:9      | Killed a two-headed ogre
 14133 | D:9      | Noticed Erica
 14144 | D:9      | Killed Erica
 14145 | D:9      | Reached XP level 11. HP: 66/101 MP: 9/16
 14289 | D:9      | Identified the +7 rapier of Deformation {flame, rC+}
 14538 | D:9      | Found a shadowy altar of Dithmenos.
 14574 | D:9      | Found a shimmering altar of Xom.
 14595 | D:10     | Entered Level 10 of the Dungeon
 14669 | D:10     | Offered knowledge of Flame Wave by Vehumet.
 15256 | D:10     | Identified a scroll of acquirement
 15257 | D:10     | Acquired the +2 barding "Uguim" {rPois rC++ Str-2 Int+2}
 15577 | D:11     | Reached skill level 1 in Armour
 15651 | D:11     | Reached **** piety under Vehumet
 15663 | D:11     | Reached skill level 10 in Stealth
 15914 | D:11     | Noticed a two-headed ogre
 15928 | D:11     | Killed a two-headed ogre
 15929 | D:11     | Reached skill level 10 in Fighting
 16000 | D:11     | Noticed a two-headed ogre
 16013 | D:11     | Killed a two-headed ogre
 16014 | D:11     | Reached skill level 5 in Armour
 16060 | D:11     | Noticed a two-headed ogre
 16075 | D:11     | Killed a two-headed ogre
 16173 | D:11     | Noticed an ogre mage
 16186 | D:11     | Paralysed by an ogre mage for 4 turns
 16188 | D:11     | Noticed a centaur warrior
 16189 | D:11     | Killed an ogre mage
 16201 | D:11     | Killed a centaur warrior
 16229 | D:11     | Reached XP level 12. HP: 113/113 MP: 17/18
 16503 | D:11     | Noticed a two-headed ogre
 16509 | D:11     | Killed a two-headed ogre
 16517 | D:11     | Offered knowledge of Arcjolt by Vehumet.
 16530 | D:11     | Learned a level 5 spell: Arcjolt
 16946 | D:11     | Noticed a two-headed ogre
 16955 | D:11     | Killed a two-headed ogre
 16956 | D:11     | Reached skill level 10 in Armour
 17191 | D:11     | Reached skill level 6 in Conjurations
 17408 | D:11     | Found a staircase to the Lair.
 17417 | Lair:1   | Entered Level 1 of the Lair of Beasts
 17931 | Lair:1   | Reached skill level 7 in Conjurations
 18480 | Lair:2   | Reached skill level 5 in Air Magic
 18826 | Lair:2   | Reached ***** piety under Vehumet
 18827 | Lair:2   | Offered knowledge of Freezing Cloud by Vehumet.
 19190 | Lair:2   | Noticed a boulder beetle
 19201 | Lair:2   | Killed a boulder beetle
 19267 | Lair:2   | Reached skill level 8 in Conjurations
 19280 | Lair:2   | Reached XP level 13. HP: 105/120 MP: 19/19
 20012 | Lair:3   | Found a hole to the Spider Nest.
 21077 | Lair:3   | Reached skill level 5 in Earth Magic
 21207 | Lair:3   | Found a staircase to the Swamp.
 21548 | Lair:4   | Reached skill level 9 in Conjurations
 21758 | Lair:4   | Found a staircase to the Slime Pits.
 21758 | Lair:4   | Found a viscous altar of Jiyva.
 21827 | Lair:4   | Noticed Urug
 21851 | Lair:4   | Killed Urug
 22628 | Lair:4   | Reached skill level 10 in Conjurations
 22797 | Lair:4   | Found a hazy altar of Hepliaklqana.
 22990 | Lair:5   | Entered Level 5 of the Lair of Beasts
 23325 | Lair:5   | Noticed Sonja
 23333 | Lair:5   | Killed Sonja
 23506 | Lair:5   | Noticed Josephine
 23513 | Lair:5   | Killed Josephine
 23992 | Lair:5   | Reached XP level 14. HP: 129/129 MP: 20/20
 24044 | Lair:5   | Offered knowledge of Eringya's Noxious Bog by Vehumet.
 24118 | Lair:5   | Reached skill level 11 in Conjurations
 24929 | D:12     | Learned a level 6 spell: Iron Shot
 25160 | D:12     | Found a staircase to the Orcish Mines.
 25875 | D:13     | Found a gate to the Vaults.
 26174 | D:13     | Reached skill level 12 in Conjurations
 26690 | D:13     | Found a burning altar of Makhleb.
 26879 | Orc:1    | Entered Level 1 of the Orcish Mines
 26907 | Orc:1    | Reached skill level 10 in Earth Magic
 27020 | Orc:2    | Entered Level 2 of the Orcish Mines
 27074 | Orc:2    | Offered knowledge of Orb of Destruction by Vehumet.
 27074 | Orc:2    | Slain by an orc knight

Illustrated notes

Levels and vault maps discovered:
D:1:      denvon_arrival_waterhouse, layout_loops_cross, chequers_big_river
D:2:      layout_loops_ring, hellmonk_ecumenical_altar_arch_garden,
          minmay_large_rounded_square, grunt_ministairs_15,
          kennysheep_generic_room_7
D:3:      layout_basic, lemuel_crystal_altar, minivault_24, minmay_fountain_box,
          uniq_terence
D:4:      layout_gridville, temple_green, serial_shops, nicolae_stop_n_shop_2,
          gup_sewer_entry_pipe, nicolae_stop_n_shop_2, kennysheep_potato,
          uniq_crazy_yiuf_cottage
D:5:      layout_layer_cave, mainiacjoe_overflow_brackets,
          mainiacjoe_overflow_24_doors, kennysheep_windowed_goal
D:6:      layout_basic, serial_glass, glass_columns_a, glass_columns_b,
          glass_columns_b, glass_columns_a, glass_columns_b, glass_columns_a,
          glass_columns_c, glass_columns_b, glass_columns_a, glass_columns_a,
          glass_columns_a, glass_columns_a, glass_columns_a, glass_columns_b,
          feat_on_display, item_on_display_a, item_on_display_a,
          feat_on_display, hangedman_decor_growths, uniq_pikel, uniq_menkaure,
          uniq_sigmund
D:7:      layout_loops_ring, lightli_temple_of_fire
D:8:      layout_rooms, mainiacjoe_overflow_boulevard, special_room
          [special_room_orc], uniq_grum, uniq_joseph, uniq_maggie,
          uniq_gastronok
D:9:      layout_stronghold, jmf_multi_god_temple2, minmay_crystal_room,
          david_defended_altar_orc, uniq_erica
D:10:     kennysheep_spiral_hall, layout_long_grid, nicolae_underground_beach
D:11:     kennysheep_blocky_room, layout_cave_pods, lair_entry_dummy
D:12:     minmay_general_purpose_star, layout_cave_pods, orc_0_dummy
D:13:     layout_stronghold, lightli_vaults_fourway_checkpoint,
          makhleb_altar_promises_db
Temple:   eino_wide_crystal_templ
Lair:1:   layout_regular_city, chequers_serial_rivers_micro_a,
          serial_bayou_shore_b, infiniplex_staircase_pool_2
Lair:2:   layout_layer_cave, nzn_sisyphean_effort, grunt_megastairs_1
Lair:3:   layout_layer_cave, nicolae_swamp_entry_splash_gauntlet,
          nicolae_spider_entry_orb_guardian, grunt_megastairs_4
Lair:4:   layout_loops_ring, minmay_slime_entry_pillars, basic_altar, uniq_urug
Lair:5:   hellmonk_lair_end_abyssal_woods, layout_layer_cave,
          serial_bayou_pond_e, minmay_lair_oklob_items,
          grunt_forest_small_clearing_treed, uniq_josephine, uniq_sonja
Orc:1:    layout_caves
Orc:2:    grunt_orc_tribal_feast, layout_diamond_mine, nicolae_shop_firing_range

Skill      XL: |  1  2  3  4  5  6  7  8  9 10 11 12 13 14 |
---------------+-------------------------------------------+-----
Spellcasting   | 2 3 4 |  4.0
Stealth        | 3 4 5 8 10 | 10.0
Poison Magic   | 3 4 6 7 |  7.0
Air Magic      | 1 2 6 |  6.9
Fighting       | 1 2 3 5 6 8 10 | 10.2
Conjurations   | 2 3 5 8 10 12 | 12.2
Earth Magic    | 2 4 8 10 | 10.1
Short Blades   | 3 4 |  4.0
Armour         | 7 10 | 10.1
Dodging        | |  1.3
Transmutations | |  0.8

Action                   |  1- 3 |  4- 6 |  7- 9 | 10-12 | 13-15 || total
-------------------------+-------+-------+-------+-------+-------++-------
Melee: Staff             |    59 |    20 |       |       |       ||    79
       Tailslap          |     6 |    27 |    39 |    54 |    38 ||   164
       Unarmed           |     1 |       |       |       |       ||     1
       Punch             |     1 |       |     1 |     4 |     5 ||    11
       Dagger            |       |   189 |   281 |    70 |       ||   540
       Rapier            |       |       |       |   200 |   199 ||   399
 Cast: Sting             |    37 |     8 |       |       |       ||    45
       Poisonous Vapours |    21 |    94 |    83 |     1 |       ||   199
       Mephitic Cloud    |       |     1 |    18 |    45 |    13 ||    77
       Sandblast         |       |       |    36 |       |       ||    36
       Olgreb's Toxic Ra |       |       |    27 |    68 |    26 ||   121
       Stone Arrow       |       |       |       |    42 |    63 ||   105
       Arcjolt           |       |       |       |     7 |    77 ||    84
       Iron Shot         |       |       |       |       |    12 ||    12
Evoke: Wand              |       |       |     2 |       |       ||     2
  Use: Potion            |     1 |     2 |     5 |     4 |     2 ||    14
       Scroll            |     1 |     6 |     5 |    12 |     7 ||    31
 Stab: Sleeping          |     1 |    14 |     3 |    17 |     9 ||    44
       Confused          |       |       |     6 |    19 |     8 ||    33
Armor: Robe              |    40 |    68 |   130 |    18 |       ||   256
       Skin              |       |       |       |     7 |       ||     7
       Steam dragon scal |       |       |       |   119 |   225 ||   344
Dodge: Dodged            |    42 |    82 |   156 |    94 |    86 ||   460

Table legend: (Time is in decaauts)
 A = Elapsed time spent in this place.
 B = Non-inter-level travel time spent in this place.
 C = Inter-level travel time spent in this place.
 D = Time resting spent in this place.
 E = Time spent auto-exploring this place.
 F = Levels seen in this place.
 G = Mean time per level.
                   A        B        C        D        E       F      G
               +--------+--------+--------+--------+--------+-----+--------+
         Total |  27156 |  26304 |    852 |    860 |  21320 |  22 | 1234.4 |
       Dungeon |  18616 |  17993 |    623 |    731 |  14396 |  13 | 1432.0 |
        Temple |     57 |     45 |     12 |      0 |     29 |   1 |   57.0 |
          Lair |   7173 |   6965 |    208 |    100 |   5969 |   5 | 1434.6 |
  Orcish Mines |    194 |    187 |      7 |      0 |    103 |   2 |   97.0 |
         Sewer |   1113 |   1113 |      0 |     29 |    823 |   1 | 1113.0 |
               +--------+--------+--------+--------+--------+-----+--------+

Top non-repeatable levels by time:
     D:5: 2819 daAuts
    D:11: 1905 daAuts
     D:8: 1858 daAuts
     D:6: 1734 daAuts
  Lair:4: 1617 daAuts
  Lair:2: 1548 daAuts
  Lair:5: 1503 daAuts
     D:1: 1477 daAuts
  Lair:3: 1438 daAuts
     D:2: 1390 daAuts
    D:12: 1295 daAuts
     D:9: 1248 daAuts
     D:3: 1189 daAuts
   Sewer: 1113 daAuts
  Lair:1: 1065 daAuts
